 Dungeon Sprint DCSS version 0.23.0 (webtiles) character file.

Game seed: 9565154416570215772

2200000 Fang the Slayer (level 16, -14/159 HPs)
             Began as a Demonspawn Gladiator on Feb 13, 2019.
             Was a Priest of Makhleb.
             Demolished by a meat berserker
             ... wielding a +9 battleaxe
              (45 damage)
             ... in the Dungeon (Sprint VIII: "Arena of Blood").
             The game lasted 00:00:37 (22 turns).

Fang the Slayer (Demonspawn Gladiator)                Turns: 22, Time: 00:00:37

Health: -14/159    AC:  3    Str: 22    XL:     16   Next: 48%
Magic:  16/16      EV: 27    Int: 10    God:    Makhleb [***...]
Gold:   0          SH:  0    Dex: 14    Spells: 15/15 levels left

rFire    . . .     SeeInvis +   l - +∞ Axe of Woe
rCold    . . .     Gourm    .   (shield currently unavailable)
rNeg     . . .     Faith    .   b - +0 leather armour
rPois    .         Spirit   .   (helmet unavailable)
rElec    .         Reflect  .   (no cloak)
rCorr    .         Harm     .   (no gloves)
MR       +....     NoTele   +   (no boots)
Stlth    +++.......             (no amulet)
HPRegen  0.36/turn              (no ring)
MPRegen  0.15/turn              (no ring)

@: no status effects
A: antennae 3, claws 1, hooves 2, demonic guardian 2, nightstalker 2
a: Minor Destruction, Lesser Servant of Makhleb, Renounce Religion


You were in the Dungeon.
You worshipped Makhleb.
Makhleb was most pleased with you.
You were not hungry.

You visited 1 branch

Inventory:

Hand Weapons
 a - a +0 war axe
 l - the +∞ Axe of Woe (weapon)
   (You found it in the Dungeon)
Missiles
 d - 3 throwing nets (quivered)
Armour
 b - a +0 leather armour (worn)
 c - a +0 helmet
Scrolls
 k - a scroll of blinking
Potions
 e - a potion of curing
 g - a potion of heal wounds
 h - a potion of haste
 i - 2 potions of magic
 j - a potion of berserk rage
Comestibles
 f - a ration


   Skills:
 + Level 24.0 Fighting
 + Level 22.4 Axes
 + Level 22.4 Throwing
 + Level 22.4 Dodging


You had 15 spell levels left.
You didn't know any spells.
Your spell library was empty.

Dungeon Overview and Level Annotations

Branches:
Dungeon (1/1)

Altars:
Makhleb


Innate Abilities, Weirdness & Mutations

You have a pair of large antennae on your head. (SInv)
You have sharp fingernails.
You have hoof-like feet.
A demonic guardian rushes to your aid.
You are significantly more attuned to the shadows.


Message History

You have reached level 16!
You feel stronger.
Your demonic ancestry asserts itself...
You slip further into the darkness.
You hear a shout! x5
The bag of meat is engulfed in blazing flames.
You slash the bag of meat!
You pulverise the bag of meat into a thin bloody mist.
You kill the bag of meat!
Makhleb accepts your kill.
You can now summon a lesser servant of Makhleb.
Your Fighting skill increases to level 24!
Your Axes skill increases to level 22!
Your Throwing skill increases to level 22!
Your Dodging skill increases to level 22!
You hear a shout! x8
The bag of meat is engulfed in blazing flames.
You hear a shout!
The meat berserker is engulfed in blazing flames.
The meat berserker hits you with a +9 battleaxe!!!
You die...

..... ... #....
..# .. #... ..# .
...###... ..###..
........###.......
#........_........
... #..%..# ....
#3.<._#
.....#@....#..
.....O)._......
.....§o###......
%.###§§o ..###. .
#.... ..#
#.......#
.......{.
.........


You could see a meat berserker (berserk), 2 bags of meat and a friendly soul
eater.

Vanquished Creatures
  An ogre (D)
  A two-headed ogre (D)
  6 orcs (D)
8 creatures vanquished.

Notes
Turn   | Place    | Note
-------+----------+-------------------------------------------
     0 | D        | Found the +∞ Axe of Woe
     0 | D        | Fang the Demonspawn Gladiator began the quest for the Orb.
     0 | D        | Reached XP level 1. HP: 16/16 MP: 1/1
     2 | D        | Noticed a bag of meat
     2 | D        | Noticed a bag of meat
     4 | D        | Became a worshipper of Makhleb the Destroyer
    10 | D        | Killed a bag of meat
    10 | D        | Reached skill level 14 in Fighting
    10 | D        | Gained mutation: You have large cloven feet. [demonic
                  | ancestry]
    10 | D        | Reached XP level 2. HP: 43/43 MP: 2/2
    10 | D        | Gained mutation: You are slightly more attuned to the
                  | shadows. [demonic ancestry]
    10 | D        | Reached XP level 3. HP: 49/49 MP: 3/3
    10 | D        | Gained mutation: You have a pair of small antennae on your
                  | head. [demonic ancestry]
    10 | D        | Reached XP level 4. HP: 56/56 MP: 4/4
    10 | D        | Reached XP level 5. HP: 62/62 MP: 5/5
    10 | D        | Reached XP level 6. HP: 69/69 MP: 6/6
    10 | D        | Reached XP level 7. HP: 75/75 MP: 7/7
    10 | D        | Gained mutation: A weak demonic guardian rushes to your
                  | aid. [demonic ancestry]
    10 | D        | Reached XP level 8. HP: 82/82 MP: 8/8
    10 | D        | Gained mutation: You have hoof-like feet. [demonic
                  | ancestry]
    10 | D        | Reached XP level 9. HP: 88/88 MP: 9/9
    10 | D        | Reached XP level 10. HP: 95/95 MP: 10/10
    10 | D        | Reached XP level 11. HP: 101/101 MP: 11/11
    12 | D        | Noticed a bag of meat
    14 | D        | Noticed a bag of meat
    15 | D        | Killed a bag of meat
    15 | D        | Reached * piety under Makhleb
    15 | D        | Reached skill level 16 in Fighting
    15 | D        | Reached skill level 15 in Axes
    15 | D        | Reached skill level 15 in Throwing
    15 | D        | Reached skill level 15 in Dodging
    15 | D        | Gained mutation: You have a pair of antennae on your head.
                  | [demonic ancestry]
    15 | D        | Reached XP level 12. HP: 113/113 MP: 12/12
    15 | D        | Noticed a meat berserker
    15 | D        | Noticed a bag of meat
    16 | D        | Killed a meat berserker
    16 | D        | Reached skill level 19 in Fighting
    16 | D        | Gained mutation: You have sharp fingernails. [demonic
                  | ancestry]
    16 | D        | Reached XP level 13. HP: 39/125 MP: 13/13
    16 | D        | Gained mutation: You have a pair of large antennae on your
                  | head. (SInv) [demonic ancestry]
    16 | D        | Reached XP level 14. HP: 42/133 MP: 14/14
    17 | D        | Noticed a bag of meat
    17 | D        | Noticed a bag of meat
    17 | D        | Noticed a bag of meat
    17 | D        | Noticed a large bag of meat
    17 | D        | Noticed a bag of meat
    18 | D        | Killed a large bag of meat
    18 | D        | Reached skill level 21 in Fighting
    18 | D        | Gained mutation: A demonic guardian rushes to your aid.
                  | [demonic ancestry]
    18 | D        | Reached XP level 15. HP: 26/144 MP: 15/15
    18 | D        | Noticed a meat berserker
    19 | D        | Reached ** piety under Makhleb
    19 | D        | Reached skill level 22 in Fighting
    21 | D        | Reached skill level 23 in Fighting
    21 | D        | Gained mutation: You are significantly more attuned to the
                  | shadows. [demonic ancestry]
    21 | D        | Reached XP level 16. HP: 30/157 MP: 16/16
    22 | D        | Reached *** piety under Makhleb
    22 | D        | Reached skill level 24 in Fighting
    22 | D        | Demolished by a meat berserker

Skill      XL: |  1  2  3  4  5  6  7  8  9 10 11 12 13 14 15 16 |
---------------+-------------------------------------------------+-----
Fighting       | 14 16 19 21 23 24 | 24.0
Axes           | 13 15 18 19 21 22 | 22.4
Throwing       | 13 15 18 19 21 22 | 22.4
Dodging        | 13 15 18 19 21 22 | 22.4

Action                   |  1- 3 |  4- 6 |  7- 9 | 10-12 | 13-15 | 16-18 || total
-------------------------+-------+-------+-------+-------+-------+-------++-------
Melee: Executioner's axe |     1 |       |       |     2 |     3 |     1 ||     7
